 Dungeon Crawl Stone Soup version 0.30-b1-2-g02819fbbbe (webtiles) character file.

Game seed: 16579937099379258803

86170 Arcadio the Brawler (level 15, -3/159 HPs)
             Began as a Troll Gladiator on May 9, 2023.
             Was an Elder of Qazlal.
             Slain by a ghost moth (11 damage)
             ... on level 2 of the Spider Nest.
             The game lasted 01:18:34 (22244 turns).

Arcadio the Brawler (Troll Gladiator)              Turns: 22244, Time: 01:18:34

Health: -3/159     AC: 11    Str: 38    XL:     15   Next: 40%
Magic:  15/20      EV: 14    Int:  4    God:    Qazlal [****..]
Gold:   2319       SH:  0    Dex: 11    Spells: 14/14 levels left

rFire   . .          .
                       - Unarmed
rCold   . . .        (no shield)
rNeg    . . .        L - +2 robe {Will+}
rPois   +            b - +2 hat
rElec   .            w - +2 cloak
rCorr   .            (gloves unavailable)
SInv    .            (boots unavailable)
Will    ++...        T - amulet of regeneration
Stlth   +            N - +6 ring of strength
HPRegen 2.06/turn    a - +4 ring of protection
MPRegen 0.17/turn

%: repel missiles
@: confused, ambrosia-drunk, corroded, studying 2 skills
A: large, unfitting armour, claws 3, regeneration 1, shaggy fur 1, tough skin 1,
poison resistance
a: Renounce Religion, Upheaval, Elemental Force


You were on level 2 of the Spider Nest.
You worshipped Qazlal.
Qazlal was greatly pleased with you.
You visited 6 branches of the dungeon, and saw 26 of its levels.
You also visited: Sewer, Ossuary and Bailey.

You collected 2787 gold pieces.
You spent 468 gold pieces at shops.

Inventory:

Hand Weapons
 x - a +7 morningstar of holy wrath
Missiles
 c - 8 throwing nets
 d - 20 large rocks (quivered)
Armour
 b - a +2 hat (worn)
 w - a +2 cloak (worn)
 L - a +2 robe of willpower (worn)
 Y - a +2 robe of cold resistance
Jewellery
 a - a +4 ring of protection (right claw)
 v - a ring of protection from cold
 H - a ring of fire
 N - a +6 ring of strength (left claw)
 T - an amulet of regeneration (around neck)
 X - a ring of ice
Wands
 g - a wand of iceblast (30)
 q - a wand of flame (29)
 t - a wand of digging (20)
 K - a wand of quicksilver (14)
 M - a wand of mindburst (12)
 U - a wand of paralysis (14)
Scrolls
 f - a scroll of fear
 i - a scroll of blinking
 l - a scroll of magic mapping
 o - 4 scrolls of vulnerability
 p - a scroll of fog
 r - a scroll of identify
 y - a scroll of silence
 z - a scroll of summoning
 A - 2 scrolls of enchant weapon {unknown}
 D - 3 scrolls of noise {unknown}
 F - 3 scrolls of poison {unknown}
 P - a scroll of brand weapon {unknown}
 Q - a scroll of immolation {unknown}
Potions
 e - 12 potions of curing
 h - a potion of lignification {unknown}
 j - 3 potions of brilliance
 k - 3 potions of flight
 m - 5 potions of mutation
 n - 5 potions of resistance
 s - a potion of berserk rage {unknown}
 C - 2 potions of ambrosia
 E - 2 potions of cancellation
 I - 4 potions of attraction
 J - 4 potions of magic {unknown}
 O - 2 potions of haste
 V - 2 potions of invisibility {unknown}
Miscellaneous
 B - a phial of floods
 R - a phantom mirror
 S - a lightning rod (4/4)
 Z - a condenser vane


   Skills:
 + Level 13.0 Fighting
 - Level 1.7 Throwing
 + Level 13.1 Dodging
 + Level 15.5 Unarmed Combat
 + Level 9.0 Invocations


You had 14 spell levels left.
You didn't know any spells.
Your spell library contained the following spells:

 Spells                   Type           Power      Damage    Failure   Level
 Apportation              Tloc           0%         N/A       50%         1
 Beastly Appendage        Tmut           0%         N/A       50%         1
 Poisonous Vapours        Pois/Air       0%         N/A       65%         2
 Sublimation of Blood     Necr           0%         N/A       65%         2
 Wereblood                Tmut           0%         N/A       65%         2
 Dazzling Flash           Conj/Hex       0%         N/A       86%         3
 Frozen Ramparts          Ice            0%         1d1       86%         3
 Mephitic Cloud           Conj/Pois/Air  0%         N/A       86%         3
 Spider Form              Tmut/Pois      0%         N/A       86%         3
 Vhi's Electric Charge    Tloc/Air       0%         N/A       86%         3
 Volatile Blastmotes      Fire/Tloc      0%         2d10      86%         3
 Ice Form                 Ice/Tmut       0%         N/A       99%         4
 Iskenderun's Mystic Bla  Conj/Tloc      0%         2d3       99%         4
 Summon Ice Beast         Ice/Summ       0%         N/A       99%         4
 Alistair's Intoxication  Tmut/Pois      0%         N/A       100%        5
 Arcjolt                  Conj/Air       0%         1d10      100%        5
 Freezing Cloud           Conj/Ice/Air   0%         6-21      100%        5
 Starburst                Conj/Fire      0%         6d3       100%        6
 Summon Hydra             Summ           0%         N/A       100%        7
 Borgnjor's Revivificati  Necr           0%         N/A       100%        8
 Maxwell's Capacitive Co  Air            0%         ∞         100%        8
 Necromutation            Tmut/Necr      0%         N/A       100%        8
 Death's Door             Necr           0%         N/A       100%        9


Dungeon Overview and Level Annotations

Branches:
Dungeon (15/15) Zot: 26150  Temple (1/1) D:4 Zot: 5765    Lair (5/5) D:11 Zot: 24198
  Swamp (1/4) Lair:3 Zot: 5967  Spider (2/4) Lair:3 Zot: 11442   Slime (0/5) Lair:4
    Orc (2/2) D:9 Zot: 9871     Elf (0/3) Orc:2        Vaults (0/5) D:14
  Sewer (visited)         Ossuary (visited)          Bailey (visited)
 Depths: D:15

Altars:
Ashenzari
Cheibriados
Dithmenos
Elyvilon
Fedhas
Gozag
Hepliaklqana
Kikubaaqudgha
Makhleb
Nemelex Xobeh
Okawaru
Qazlal
Ru
Sif Muna
Trog
Uskayaw
Vehumet
Wu Jian
Xom
Yredelemnul
Zin
The Shining One
Jiyva

Shops:
D:4 [((   D:12 :   D:14 [[(   Orc:2 (((=((!=

Annotations:
D:4 1 runed translucent door, Hyawatha's ghost, amateur GrWr
Lair:3 exclusion: 2 oklob plants
Lair:5 exclusion: obsidian statue
Spider:1 Rupert


Innate Abilities, Weirdness & Mutations

You are too large for most types of armour.
You have claws for hands.
Your natural rate of healing is unusually fast.
You are covered in fur. (AC +1)
You have tough skin. (AC +1)
Your system is resistant to poisons. (rPois)


Message History

A redback comes into view.
The culicivora bites you!
* * * LOW HITPOINT WARNING * * *
The culicivora draws strength from your injuries!
The meliai hits you but does no damage.
The meliai stings you but does no damage.
You are confused.
You feel invigorated.
Your surroundings suddenly seem different.
Splash!
You fall into the shallow water.
An entropy weaver, a jorogumo, 7 spiders and a sun moth come into view.
The entropy weaver shouts!
The orb spider's many legs skitter faintly.
The jorogumo shouts!
The jumping spider's many legs skitter faintly. x2
The culicivora's many legs skitter faintly.
The wolf spider's many legs skitter.
You hear a faint skittering sound. x3
You hear a chilling moan.
A culicivora comes into view.
A redback comes into view. x2
A pharaoh ant comes into view.
The wolf spider hits you!
* * * LOW HITPOINT WARNING * * *
The wolf spider barely misses you.
A culicivora comes into view.
An orb spider comes into view.
The redback moves out of view. x2; The culicivora moves out of view.
An orb spider comes into view.
Deactivating autopickup; reactivate with Ctrl-A.
You miss something.
The orb spider's many legs skitter faintly. x2
You hear a skittering sound.
You hear a faint skittering sound. x2
A tarantella comes into view. x3
The wolf spider closely misses you. The wolf spider bites you.
* * * LOW HITPOINT WARNING * * *
You feel you are being watched by something.
You feel your power leaking away. Something hits you but does no damage.
Something hits you!
* * * LOW HITPOINT WARNING * * *
Something stings you!
You die...

<..# ...# ...s
.s.. ...##....
s.s.. .......#
s?.s.##......##
s.s.......~....
.ysH○..~.s...
#.s○~~B# #^.@#
..ssB.....#
#..#.....#~.. .
^....s.. .^#
..#..#..... ^#
#.......!... ..
.# .. .#..
..#..#.. . ..
.. .....>
...... .##. ...


You could see a jorogumo, a sun moth, an entropy weaver, a wolf spider, 3 orb
spiders, 2 culicivoras, a pharaoh ant, 2 jumping spiders, 3 tarantellas and 3
redbacks.

Vanquished Creatures
  Kirke (Lair:3)
  A fenstrider witch (Swamp:1)
  An emperor scorpion (Spider:1)
  Nessos (D:13)
  4 dire elephants
  Josephine (D:14)
  Fannar (D:12)
  3 hydras
  Erica (D:11)
  5 centaur warriors
  6 two-headed ogres
  2 boulder beetles (D:14)
  8 death yaks
  2 tengu warriors (D:14)
  3 orc high priests (Orc:2)
  Nergalle (Lair:1)
  A deep elf knight (Lair:3)
  2 spectral death yaks (Lair:5)
  A sun moth (Spider:1)
  A spectral anaconda (Lair:5)
  An orb spider (Spider:1)
  2 spriggan druids (Swamp:1)
  3 necromancers (Lair:5)
  A swamp dragon (Swamp:1)
  6 lindwurms
  A deep elf pyromancer (D:13)
  3 wolf spiders
  A deep elf archer (Spider:1)
  8 orc knights
  4 ugly things (D:14)
  4 cyclopes
  5 orc sorcerers (Orc:2)
  4 elephants (Lair:5)
  2 black mambas
  4 torpor snails
  3 gargoyles
  Maggie (Lair:1)
  7 cane toads
  A dire elephant skeleton (Lair:5)
  An unseen horror (D:10)
  3 rime drakes
  2 tengu conjurers (D:14)
  9 komodo dragons
  2 freezing wraiths (D:14)
  7 trolls
  5 meliai
  2 polar bears (Lair:5)
  8 blink frogs
  A raiju (Spider:1)
  A hornet (D:8)
  3 tarantellas (Spider:1)
  4 dream sheep (Lair:3)
  Sigmund (D:3)
  2 jumping spiders (Spider:1)
  6 culicivoras
  A centaur simulacrum (D:14)
  3 vampires
  4 hogs (Lair:3)
  4 wraiths
  6 wyverns
  40 yaks
  10 redbacks
  A steam dragon (D:6)
  Edmund (D:6)
  5 wargs
  A swamp worm (Swamp:1)
  A spectral cane toad (Lair:5)
  3 acid dragons
  12 water moccasins
  24 orc warriors
  5 black bears
  A swamp drake (Swamp:1)
  2 sky beasts
  4 ogres
  3 ice beasts
  2 centaurs
  16 wolves
  A tengu (shapeshifter) (D:13)
  A phantom (D:6)
  An elf zombie (Ossuary)
  8 kobold brigands
  11 bullfrogs
  A gnoll sergeant (D:10)
  Blork the orc (D:6)
  A cane toad simulacrum (Lair:5)
  A scorpion (D:7)
  5 wights (D:5)
  An elephant simulacrum (Lair:5)
  14 killer bees
  4 howler monkeys
  6 electric eels
  4 hounds
  A jelly (D:7)
  2 sleepcaps
  16 orc priests
  2 gnoll boudas
  Jessica (D:3)
  An iguana (D:5)
  19 orc wizards
  4 mummies
  10 gnolls
  7 adders
  2 river rats (D:5)
  2 white imps
  An ufetubus (D:4)
  5 adder zombies (Ossuary)
  2 worms
  65 orcs
  9 endoplasms
  12 giant cockroaches
  10 goblins
  7 hobgoblins
  5 jackals
  4 quokkas
  8 ball pythons
  6 bats
  9 frilled lizards
  3 goblin zombies (Ossuary)
  5 hobgoblin zombies (Ossuary)
  18 kobolds
  A kobold zombie (Ossuary)
  2 quokka zombies (Ossuary)
  8 rats
  A rat zombie (Ossuary)
621 creatures vanquished.

Vanquished Creatures (collateral kills)
  Jorgrun (Orc:2)
  An orc (Orc:2)
2 creatures vanquished.

Vanquished Creatures (others)
  2 foxfires (Swamp:1)
  21 fungi
  63 plants
  23 withered plants
109 creatures vanquished.

Grand Total: 732 creatures vanquished

Notes
Turn   | Place    | Note
-------+----------+-------------------------------------------
     0 | D:1      | Arcadio the Troll Gladiator began the quest for the Orb.
     0 | D:1      | Reached XP level 1. HP: 19/19 MP: 0/0
   211 | D:1      | Reached XP level 2. HP: 28/28 MP: 1/1
  1085 | D:2      | Reached XP level 3. HP: 35/35 MP: 2/2
  1400 | D:2      | Identified the +0 leather armour "Qoidy" {rC++}
  1598 | D:3      | Noticed Sigmund
  1723 | D:3      | Noticed Jessica
  1724 | D:3      | Found a faded altar of an unknown god.
  1742 | D:3      | Killed Jessica
  1743 | D:3      | Reached XP level 4. HP: 44/44 MP: 3/3
  1965 | D:3      | Killed Sigmund
  1966 | D:3      | Reached skill level 4 in Unarmed Combat
  1966 | D:3      | Reached XP level 5. HP: 48/53 MP: 4/4
  2118 | D:3      | Found an ancient bone altar of Kikubaaqudgha.
  2427 | D:4      | Found Sicvocs's Armour Boutique.
  2556 | D:4      | Reached XP level 6. HP: 53/61 MP: 5/5
  2726 | D:4      | Found Gegecs's Weapon Emporium.
  2756 | D:4      | Found Gomiroucw's Antique Weapon Shop.
  2830 | D:4      | Found a staircase to the Ecumenical Temple.
  2840 | Temple   | Entered the Ecumenical Temple
  3054 | Temple   | Became a worshipper of the Shining One
  3120 | D:4      | Found a runed translucent door.
  3120 | D:4      | Noticed Hyawatha's ghost (amateur GrWr)
  3423 | D:5      | Entered Level 5 of the Dungeon
  3495 | D:5      | Found a basalt altar of Yredelemnul.
  3495 | D:5      | Found a shimmering blue altar of Sif Muna.
  3503 | D:5      | Reached skill level 5 in Unarmed Combat
  3681 | D:5      | Reached XP level 7. HP: 68/68 MP: 6/6
  3740 | D:5      | Found a glowing drain.
  3748 | Sewer    | Entered a sewer
  3798 | Sewer    | Reached * piety under the Shining One
  4490 | D:5      | Reached skill level 5 in Dodging
  4490 | D:5      | Reached skill level 6 in Unarmed Combat
  4560 | D:5      | Found a hazy altar of Hepliaklqana.
  4787 | D:5      | Reached XP level 8. HP: 72/79 MP: 7/7
  5032 | D:6      | Reached skill level 5 in Fighting
  5100 | D:6      | Found a sacrificial altar of Ru.
  5112 | D:6      | Reached ** piety under the Shining One
  5170 | D:6      | Noticed Blork the orc
  5175 | D:6      | Killed Blork the orc
  5176 | D:6      | Reached skill level 7 in Unarmed Combat
  5183 | D:6      | Noticed Edmund
  5200 | D:6      | Killed Edmund
  5501 | D:6      | Reached XP level 9. HP: 89/89 MP: 8/8
  5948 | D:7      | Reached skill level 8 in Unarmed Combat
  6518 | D:8      | Reached XP level 10. HP: 75/102 MP: 9/9
  6562 | D:8      | Found a sand-covered staircase.
  6571 | Ossuary  | Entered an ossuary
  6571 | Ossuary  | Reached *** piety under the Shining One
  6590 | Ossuary  | Reached skill level 9 in Unarmed Combat
  6638 | Ossuary  | Reached **** piety under the Shining One
  6817 | D:8      | Noticed a two-headed ogre
  6822 | D:8      | Killed a two-headed ogre
  6888 | D:8      | Identified the +0 robe of Unambiguity {rC++}
  6894 | D:8      | Noticed a two-headed ogre
  6906 | D:8      | Killed a two-headed ogre
  7010 | D:8      | Paralysed by a hornet for 3 turns
  7199 | D:8      | Found a sparkling altar of Nemelex Xobeh.
  7257 | D:8      | Noticed a gargoyle
  7258 | D:8      | Noticed a gargoyle
  7408 | D:9      | Found a flagged portal.
  7426 | Bailey   | Entered a bailey
  7585 | Bailey   | Reached skill level 10 in Unarmed Combat
  7643 | Bailey   | Identified the +6 pearl dragon scales "Meilem" {Drain
                  | +Blink rElec rN+ Stlth+}
  7690 | Bailey   | Found a bloodstained altar of Trog.
  7773 | D:9      | Noticed a two-headed ogre
  7779 | D:9      | Killed a two-headed ogre
  7818 | D:9      | Found a shimmering altar of Xom.
  7894 | D:9      | Found a staircase to the Orcish Mines.
  7896 | D:9      | Reached ***** piety under the Shining One
  7990 | D:9      | Reached XP level 11. HP: 96/113 MP: 10/10
  8518 | Orc:1    | Entered Level 1 of the Orcish Mines
  8859 | Orc:2    | Entered Level 2 of the Orcish Mines
  8859 | Orc:2    | Noticed an orc knight
  8893 | Orc:2    | Noticed an orc sorcerer
  8928 | Orc:2    | Killed an orc sorcerer
  8990 | Orc:2    | Noticed an orc knight
  9031 | Orc:1    | Killed an orc knight
  9106 | Orc:2    | Reached skill level 11 in Unarmed Combat
  9161 | Orc:2    | Found Romner's Jewellery Shop.
  9164 | Orc:2    | Bought a +4 ring of protection for 468 gold pieces
  9363 | Orc:2    | Found Tuidas's Distillery.
  9442 | Orc:2    | Noticed an orc sorcerer
  9446 | Orc:2    | Noticed Jorgrun
  9562 | Orc:1    | Noticed an orc knight
  9577 | Orc:1    | Killed an orc knight
  9723 | Orc:2    | Found Guqiufyw's Weapon Emporium.
  9868 | Orc:1    | Killed an orc knight
  9918 | D:10     | Entered Level 10 of the Dungeon
  9920 | D:10     | Noticed a two-headed ogre
  9944 | D:9      | Killed a two-headed ogre
  9988 | D:10     | Noticed a two-headed ogre
 10015 | D:10     | Killed a two-headed ogre
 10112 | D:10     | Found a stormy altar of Qazlal.
 10238 | D:10     | Found a bloodstained altar of Trog.
 10825 | D:11     | Noticed Erica
 10836 | D:11     | Killed Erica
 10837 | D:11     | Reached skill level 10 in Dodging
 10837 | D:11     | Reached XP level 12. HP: 125/126 MP: 11/11
 11058 | D:11     | Found a staircase to the Lair.
 11069 | D:11     | Reached skill level 12 in Unarmed Combat
 11082 | D:11     | Reached skill level 10 in Fighting
 11383 | D:11     | Noticed a two-headed ogre
 11397 | D:11     | Killed a two-headed ogre
 11470 | D:11     | Reached ****** piety under the Shining One
 11559 | D:11     | Reached skill level 1 in Invocations
 11812 | Lair:1   | Entered Level 1 of the Lair of Beasts
 11841 | Lair:1   | Identified a +7 morningstar of holy wrath (a +5 morningstar
                  | blessed by the Shining One)
 11841 | Lair:1   | Received a gift from the Shining One
 11920 | Lair:1   | Noticed Maggie
 11937 | Lair:1   | Killed Maggie
 12095 | Lair:1   | Noticed Nergalle
 12101 | Lair:1   | Killed Nergalle
 12634 | Lair:2   | Identified the +9 plate armour "Ureinueh" {rPois}
 12797 | Lair:2   | Noticed a death yak
 12809 | Lair:2   | Reached skill level 13 in Unarmed Combat
 12813 | Lair:2   | Killed a death yak
 12814 | Lair:2   | Reached XP level 13. HP: 128/136 MP: 11/14
 13469 | Lair:3   | Identified the +11 short sword "Seoloren" {drain, rElec}
 13532 | Lair:3   | Noticed Kirke
 13542 | Lair:3   | Killed Kirke
 13850 | D:10     | Fell from the grace of the Shining One
 13850 | D:10     | Became a worshipper of Qazlal Stormbringer
 14093 | Orc:2    | Found Qecicer's Antique Weapon Shoppe.
 14124 | Orc:2    | Killed Jorgrun
 14376 | Orc:2    | Found a staircase to the Elven Halls.
 14433 | Orc:2    | Gained mutation: Your system is resistant to poisons.
                  | (rPois) [a neqoxec]
 14656 | D:12     | Found Atele's Book Emporium.
 14744 | D:12     | Reached skill level 5 in Invocations
 15024 | D:12     | Noticed Fannar
 15038 | D:12     | Killed Fannar
 15387 | D:13     | Noticed Nessos
 15395 | D:13     | Killed Nessos
 15763 | D:14     | Reached * piety under Qazlal
 15863 | D:14     | Found a gate to the Vaults.
 15946 | D:14     | Reached skill level 14 in Unarmed Combat
 15978 | D:14     | Found Pyogh's Antique Armour Boutique.
 16047 | D:14     | Found Beoze's Armour Shop.
 16071 | D:14     | Found a sacrificial altar of Ru.
 16165 | D:14     | Found Xioreute's Weapon Emporium.
 16249 | D:14     | Reached XP level 14. HP: 109/148 MP: 17/17
 16545 | D:15     | Entered Level 15 of the Dungeon
 16802 | D:15     | Noticed Josephine
 16860 | D:14     | Killed Josephine
 17565 | Orc:2    | Found Setwacyu's Weapon Shoppe.
 17565 | Orc:2    | Found Afoe's Jewellery Shop.
 17567 | Orc:2    | Found Fostrul's Antique Weapon Shoppe.
 17567 | Orc:2    | Found Xedd's Antique Weapon Shop.
 17614 | Orc:2    | Reached ** piety under Qazlal
 17805 | Lair:3   | Found a hole to the Spider Nest.
 17970 | Lair:3   | Found a staircase to the Swamp.
 19302 | Lair:4   | Found a viscous altar of Jiyva.
 19304 | Lair:4   | Found a staircase to the Slime Pits.
 19313 | Lair:4   | Identified the +11 war axe of Horu {freeze, rF+ rC+}
 19603 | Lair:5   | Entered Level 5 of the Lair of Beasts
 19813 | Lair:4   | Reached *** piety under Qazlal
 20526 | Lair:5   | Reached skill level 15 in Unarmed Combat
 20737 | Lair:5   | Reached XP level 15. HP: 140/158 MP: 20/20
 21320 | Swamp:1  | Entered Level 1 of the Swamp
 21320 | Swamp:1  | Noticed a fenstrider witch
 21325 | Swamp:1  | Killed a fenstrider witch
 21566 | Spider:1 | Entered Level 1 of the Spider Nest
 21575 | Spider:1 | Noticed an emperor scorpion
 21584 | Spider:1 | Killed an emperor scorpion
 21590 | Spider:1 | Reached **** piety under Qazlal
 22228 | Spider:1 | Noticed Rupert
 22244 | Spider:2 | Slain by a ghost moth

Illustrated notes

Levels and vault maps discovered:
D:1:      dreamdust_arrival_beginning_and_end, layout_basic,
          kennysheep_pointless_box
D:2:      layout_loops_ring
D:3:      layout_loops_ring, kiku_gazebo_pond_becter,
          hellmonk_ecumenical_altar_dog_temple, minmay_misc_feat_tiny,
          chequers_decorated_corner, uniq_sigmund, uniq_jessica
D:4:      layout_loops_corners, minmay_temple_entry_slanted,
          gammafunk_ghost_grave, serial_shops, shop_fountains, shop,
          nicolae_shop_bloodbath_and_beyond
D:5:      layout_basic, nzn_hepliaklqana_mist_gate,
          nicolae_overflow_two_pavilions, portal_sewer_entry_e
D:6:      layout_rooms, lemuel_crystal_altar, serial_curves, eino_curves_03,
          eino_curves_03, eino_curves_03, eino_curves_01,
          chequers_serial_rivers_room_b, kennysheep_generic_room_6,
          uniq_blork_the_orc, uniq_edmund
D:7:      layout_loops_cross, nicolae_grassy_gnolls
D:8:      cheibrodos_statue_roulette, layout_loops_ring,
          nemelex_spade_bored_becter, gup_ossuary_entry_pyramid
D:9:      layout_long_grid, mainiacjoe_overflow_paths, david_orc_3,
          serial_bayou, serial_bayou_lake_a, serial_bayou_pond_c,
          serial_bayou_pond_e, serial_bayou_pond_c, serial_bayou_crossing,
          serial_bayou_pond_c, enter_bailey_5
D:10:     layout_basic, tgw_trog, mainiacjoe_overflow_alcove_2, st_stairs_12,
          nicolae_elevator_lobby_asterisk
D:11:     layout_loops_ring, minmay_lair_entry_grove, minmay_lindwurm_lava,
          uniq_erica
D:12:     layout_long_grid, serial_shops, nicolae_inconvenience_store,
          uniq_sonja, uniq_fannar
D:13:     layout_roguey, uniq_nessos
D:14:     layout_loops_ring, david_vaults_1, serial_shops, shop,
          nicolae_shop_stone, nicolae_lakefront_shop, kennysheep_doodads,
          nicolae_ru_awakened_eye
D:15:     grunt_enter_depths_giant_problem, layout_loops_ring, uniq_josephine
Temple:   nicolae_temple_bog_church
Lair:1:   layout_long_grid, uniq_nergalle, uniq_maggie
Lair:2:   layout_cave_pods
Lair:3:   layout_regular_city, minmay_swamp_entry_eels,
          hellmonk_spider_entry_not_the_bees, fungi_pond_lemuel,
          minmay_lair_oklob_bushes, uniq_kirke
Lair:4:   layout_concentric_octagons, slime_entry_1
Lair:5:   due_jungle_book, layout_long_grid, gauntlet_entry_generic,
          grunt_megastairs_4, serial_bayou_shore_a, lemuel_fruit_fields
Swamp:1:  layout_falls_marsh, hangedman_swamp_lotus, swamp_pool4, uniq_roxanne
Spider:1: layout_spider_delve, beargit_elvish_explorers, uniq_rupert,
          uniq_louise
Spider:2: layout_spider_delve, drop_trap, nicolae_spider_not_touching_you
Orc:1:    layout_caves, mines2_david
Orc:2:    grunt_orc_tribal_feast, layout_caves, serial_shops,
          nicolae_shop_temple_entry_statues_fountains,
          nicolae_shop_advertising_works [nicolae_subvault_shop_adworks], shop,
          nicolae_shop_tiny_real_fake_doors, uniq_jorgrun

Skill      XL: |  1  2  3  4  5  6  7  8  9 10 11 12 13 14 15 |
---------------+----------------------------------------------+-----
Fighting       | 2 3 4 5 7 8 9 10 11 12 13 | 13.0
Dodging        | 3 4 5 6 7 8 10 11 12 13 | 13.1
Unarmed Combat | 4 5 6 7 8 10 11 13 14 15 | 15.5
Invocations    | 3 6 8 9 |  9.0
Throwing       | |  1.7

Action                     |  1- 3 |  4- 6 |  7- 9 | 10-12 | 13-15 || total
---------------------------+-------+-------+-------+-------+-------++-------
  Melee: Unarmed           |    94 |    91 |   263 |   558 |   781 ||  1787
         Punch             |     1 |     3 |    17 |    52 |    80 ||   153
         Morningstar       |       |       |       |       |    17 ||    17
 Invoke: Divine Shield     |       |       |       |     5 |     2 ||     7
         Brand Weapon With |       |       |       |     1 |       ||     1
         Upheaval          |       |       |       |       |     1 ||     1
  Evoke: Wand              |       |       |       |       |     1 ||     1
         Lightning rod     |       |       |       |       |     1 ||     1
    Use: Scroll            |     1 |     2 |     5 |    12 |    12 ||    32
         Potion            |       |       |       |     5 |     5 ||    10
   Stab: Sleeping          |     1 |       |       |       |       ||     1
 Armour: Robe              |    53 |    36 |    82 |   175 |   336 ||   682
  Dodge: Dodged            |    59 |    42 |   106 |   372 |   513 ||  1092
         Repelled          |       |       |       |       |     2 ||     2
  Block: Other             |       |       |       |    17 |    96 ||   113
